 Dungeon Crawl Stone Soup version 0.23.2 (webtiles) character file.

Game seed: 6845123123836005116

5632 Borgoz the Cutter (level 10, -2/91 HPs)
             Began as a Gargoyle Fighter on Apr 9, 2019.
             Was a Believer of Ashenzari.
             Slain by Joseph
             ... wielding a +5 quarterstaff of speed
              (14 damage)
             ... on level 9 of the Dungeon.
             The game lasted 00:15:14 (9078 turns).

Borgoz the Cutter (Gargoyle Fighter)                Turns: 9078, Time: 00:15:14

Health: -2/91      AC: 23    Str: 24    XL:     10   Next: 74%
Magic:  15/15      EV: 14    Int: 10    God:    Ashenzari [**....]
Gold:   441        SH:  0    Dex: 14    Spells: 12/16 levels left

rFire    . . .     SeeInvis .   a - +0 rapier
rCold    + + .     Gourm    .   (no shield)
rNeg     + . .     Faith    .   C - +5 ring mail of Articulation {rC++ Dex+2}
rPois    ∞         Spirit   .   (no helmet)
rElec    +         Reflect  .   d - +0 cloak
rCorr    .         Harm     .   x - +0 pair of gloves
MR       .....                  s - +0 pair of boots
Stlth    ..........             l - amulet of rage
HPRegen  0.25/turn              e - ring of flight
MPRegen  0.14/turn              t - +1 ring of protection (curse)

@: berserking, very quick
A: negative energy resistance 1, electricity resistance, unbreathing,
petrification resistance, rot immunity, AC +7
a: Curse Item, Scrying, Renounce Religion, Evoke Berserk Rage, Evoke Flight


You were on level 9 of the Dungeon.
You worshipped Ashenzari.
Ashenzari was pleased with you.
You were not hungry.

You visited 2 branches of the dungeon, and saw 10 of its levels.

You collected 532 gold pieces.
You spent 91 gold pieces at shops.

Inventory:

Hand Weapons
 a - a +0 rapier (weapon)
 q - a +0 rapier
 r - a +0 rapier
 v - a +0 hand crossbow
Missiles
 m - 4 poisoned tomahawks (quivered)
Armour
 c - a +0 shield
 d - a +0 cloak (worn)
 s - a +0 pair of boots (worn)
 x - a +0 pair of gloves (worn)
 B - a +0 crystal plate armour
 C - the +5 ring mail of Articulation (worn) {rC++ Dex+2}
   (You found it on level 9 of the Dungeon)

   It affects your dexterity (+2).
   It greatly protects you from cold.
Jewellery
 e - a ring of flight (left hand)
 l - an amulet of rage (around neck)
 t - a cursed +1 ring of protection (right hand)
 y - an uncursed amulet of harm
Wands
 p - a wand of digging (4)
 u - a wand of flame (10)
 w - a wand of acid (7)
Scrolls
 g - 5 scrolls of teleportation
 h - 2 scrolls of magic mapping
 j - a scroll of enchant weapon
 k - 4 scrolls of remove curse
 n - a scroll of enchant armour
 o - 3 scrolls of fog
 z - 3 scrolls of amnesia
 A - a scroll of identify
Potions
 i - 2 potions of flight
Comestibles
 b - a chunk of flesh
 f - 10 rations


   Skills:
 + Level 6.7 Fighting
 * Level 7.1 Short Blades
 + Level 6.6 Armour
 * Level 6.1 Dodging
 - Level 5.0 Stealth
 - Level 3.3 Shields
 + Level 3.5 Spellcasting
 + Level 3.5 Hexes
 + Level 4.3 Evocations


You had 12 spell levels left.
You knew the following spells:

 Your Spells              Type           Power        Failure   Level  Hunger
a - Confusing Touch       Hex            #.....       9%          1    #......
b - Confuse               Hex            #.......     26%         3    ###....

Your spell library contained the following spells:

 Spells                   Type           Power        Failure   Level  Hunger
 Tukima's Dance           Hex            #.......     26%         3    ###....
 Apportation              Tloc           #.....       36%         1    #......
 Shock                    Conj/Air       #...         36%         1    #......
 Summon Butterflies       Summ           #.......     36%         1    #......
 Swiftness                Chrm/Air       #.......     52%         2    ###....
 Gell's Gravitas          Tloc           #.........   75%         3    ###....
 Lesser Beckoning         Tloc           #.........   75%         3    ###....
 Static Discharge         Conj/Air       #.......     75%         3    ###....
 Airstrike                Air            #.........   98%         4    #####..
 Petrify                  Tmut/Erth      #.......     98%         4    #####..
 Metabolic Englaciation   Hex/Ice        #.........   99%         5    ######.
 Yara's Violent Unravell  Hex/Tmut       #.........   99%         5    ######.
 Alistair's Intoxication  Tmut/Pois      #.......     100%        5    ######.
 Lightning Bolt           Conj/Air       #.........   100%        5    ######.
 Invisibility             Hex            #.......     100%        6    #######


Dungeon Overview and Level Annotations

Branches:
Dungeon (9/15)             Temple (1/1) D:7            Lair (0/6) D:8
    Orc: D:9-12

Altars:
Ashenzari
Cheibriados
Dithmenos
Elyvilon
Fedhas
Gozag
Hepliaklqana
Makhleb
Nemelex Xobeh
Okawaru
Qazlal
Ru
Sif Muna
Trog
Uskayaw
Vehumet
Wu Jian
Xom
Yredelemnul
Zin
The Shining One

Shops:
D:5 (   D:6 ??   D:8 [

Annotations:
D:9 Joseph, Psyche


Innate Abilities, Weirdness & Mutations

You are resistant to torment.
Your stone body is resilient. (AC +7)
You are immune to poison.
You resist negative energy. (rN+)
You are resistant to electric shocks. (rElec)
You can survive without breathing.
You are immune to petrification.
You are immune to rotting.


Message History

Joseph is almost dead.
Joseph hits you with a +5 quarterstaff of speed!
You closely miss Joseph.
Joseph is almost dead.
Joseph closely misses you.
You completely miss Joseph.
Joseph is almost dead.
Joseph hits you with a +5 quarterstaff of speed!
* * * LOW HITPOINT WARNING * * *
You closely miss Joseph.
Joseph is almost dead.
Joseph misses you.
You hit Joseph but do no damage.
Joseph is almost dead.
Joseph hits you with a +5 quarterstaff of speed!
* * * LOW HITPOINT WARNING * * *
You puncture Joseph!
Joseph is almost dead.
Joseph hits you with a +5 quarterstaff of speed!
You die...

######.##
##'#######*
#........ #.# #..##
#.>...... #.# ##..#
##.###### ..# ##.##
#....### ### #..#
####.... , * ##.#
#######. ###(##
#....... , ,
#####...(# #.......
< , * ......@@.# *
#....... ,
#####).....#
#....[.. , , * *
#.(..#......#..<.[..
*
#....######)........
###### ###.......
########


You could see Joseph (berserk).

Vanquished Creatures
  A two-headed ogre (D:9)
  An elephant (D:8)
  A troll (D:9)
  Grinder (D:3)
  Sigmund (D:6)
  A hippogriff (D:7)
  A yak (D:8)
  A hungry ghost (D:7)
  Edmund (D:6)
  Duvessa (D:4)
  A black bear (D:7)
  2 ice beasts
  An orc warrior (D:5)
  A sky beast (D:6)
  A necrophage (D:6)
  2 phantoms
  3 ogres
  5 centaurs
  2 crocodiles (D:8)
  5 bullfrogs
  Dowan (D:4)
  A wyvern skeleton (D:7)
  5 killer bees
  2 howler monkeys
  3 crimson imps
  10 hounds
  An orc priest (D:7)
  Crazy Yiuf (D:2)
  A bullfrog skeleton (D:5)
  4 jellies
  2 orc wizards
  5 iguanas
  Ijyb (D:2)
  6 worker ants
  A killer bee zombie (D:8)
  A hound zombie (D:5)
  A hound skeleton (D:4)
  A worker ant zombie (D:8)
  10 adders
  3 shadow imps
  2 oozes
  An adder zombie (D:6)
  A worm (D:2)
  3 dart slugs
  3 leopard geckos
  16 orcs
  4 bats
  5 giant cockroaches
  6 goblins
  11 hobgoblins
  14 jackals
  4 kobolds
  4 quokkas
  4 ball pythons
  5 frilled lizards
  A leopard gecko zombie (D:7)
  A quokka zombie (D:5)
  6 rats
184 creatures vanquished.

Vanquished Creatures (others)
  2 fungi (D:1)
2 creatures vanquished.

Grand Total: 186 creatures vanquished

Notes
Turn   | Place    | Note
-------+----------+-------------------------------------------
     0 | D:1      | Borgoz the Gargoyle Fighter began the quest for the Orb.
     0 | D:1      | Reached XP level 1. HP: 14/14 MP: 1/1
   251 | D:1      | Reached XP level 2. HP: 19/19 MP: 2/2
   334 | D:1      | Reached skill level 2 in Short Blades
   942 | D:2      | Reached XP level 3. HP: 19/23 MP: 3/3
   991 | D:2      | Reached skill level 1 in Dodging
  1291 | D:2      | Reached skill level 1 in Stealth
  1296 | D:2      | Found an opulent altar of Gozag.
  1576 | D:2      | Reached XP level 4. HP: 25/29 MP: 4/4
  1690 | D:2      | Found a runed translucent door.
  1691 | D:2      | Noticed Crazy Yiuf
  1733 | D:2      | Killed Crazy Yiuf
  1817 | D:3      | Noticed Ijyb
  1843 | D:2      | Killed Ijyb
  2025 | D:3      | Reached XP level 5. HP: 32/33 MP: 5/5
  2056 | D:3      | Noticed Grinder
  2063 | D:3      | Paralysed by Grinder for 6 turns
  2072 | D:3      | Killed Grinder
  2072 | D:3      | Reached skill level 3 in Short Blades
  2072 | D:3      | Reached skill level 1 in Evocations
  2072 | D:3      | Reached XP level 6. HP: 29/38 MP: 6/6
  2534 | D:3      | Found a sacrificial altar of Ru.
  2740 | D:3      | Found an ornate altar of the Wu Jian Council.
  2740 | D:3      | Found a hazy altar of Hepliaklqana.
  2746 | D:3      | Found an iron altar of Okawaru.
  2748 | D:3      | Found a faded altar of an unknown god.
  2749 | D:3      | Found a white marble altar of Elyvilon.
  2849 | D:4      | Found a shattered altar of Ashenzari.
  2866 | D:4      | Became a worshipper of Ashenzari the Shackled
  3078 | D:4      | Reached XP level 7. HP: 43/44 MP: 6/8
  3568 | D:4      | Noticed Duvessa
  3590 | D:4      | Killed Duvessa
  3591 | D:4      | Noticed Dowan
  3608 | D:4      | Killed Dowan
  3608 | D:4      | Reached skill level 4 in Short Blades
  3683 | D:5      | Entered Level 5 of the Dungeon
  4082 | D:5      | Reached XP level 8. HP: 30/48 MP: 9/9
  4279 | D:5      | Learned a level 1 spell: Confusing Touch
  4291 | D:5      | Learned a level 3 spell: Confuse
  4565 | D:5      | Reached skill level 5 in Fighting
  4586 | D:5      | Reached skill level 5 in Armour
  4603 | D:5      | Reached skill level 1 in Hexes
  4787 | D:5      | Found Syhacada's Weapon Emporium.
  4804 | D:6      | Found a shimmering altar of Xom.
  4805 | D:6      | Reached skill level 1 in Spellcasting
  4828 | D:5      | Reached skill level 5 in Short Blades
  5311 | D:6      | Reached * piety under Ashenzari
  5390 | D:6      | Reached XP level 9. HP: 46/54 MP: 11/11
  5516 | D:6      | Noticed Edmund
  5539 | D:6      | Killed Edmund
  5620 | D:6      | Found Koaky's Magic Scroll Emporium.
  5623 | D:6      | Bought a scroll of identify for 26 gold pieces
  5623 | D:6      | Bought a scroll of identify for 26 gold pieces
  5623 | D:6      | Bought a scroll of teleportation for 39 gold pieces
  5953 | D:6      | Noticed Sigmund
  5967 | D:6      | Killed Sigmund
  6017 | D:6      | Found Ymigoh's Magic Scroll Emporium.
  6250 | D:7      | Reached skill level 5 in Dodging
  6457 | D:7      | Reached skill level 6 in Short Blades
  6578 | D:7      | Reached skill level 5 in Stealth
  6736 | D:7      | Found a staircase to the Ecumenical Temple.
  6790 | Temple   | Entered the Ecumenical Temple
  7143 | D:7      | Reached XP level 10. HP: 40/60 MP: 12/14
  7317 | D:8      | Noticed an elephant
  7905 | D:8      | Found Boud Hann's Antique Armour Shop.
  7921 | D:8      | Found a staircase to the Lair.
  8233 | D:8      | Killed an elephant
  8464 | D:9      | Reached ** piety under Ashenzari
  8533 | D:9      | Noticed Psyche
  8795 | D:9      | Got the uncursed ring mail of Articulation {rC++ Dex+2}
  8806 | D:9      | Identified the +5 ring mail of Articulation {rC++ Dex+2}
                  | (You found it on level 9 of the Dungeon)
  8836 | D:9      | Noticed a two-headed ogre
  8881 | D:9      | Killed a two-headed ogre
  8881 | D:9      | Reached skill level 7 in Short Blades
  9054 | D:9      | Noticed Joseph
  9078 | D:9      | Slain by Joseph

Skill      XL: |  1  2  3  4  5  6  7  8  9 10 |
---------------+-------------------------------+-----
Short Blades   | 2 3 4 5 6 7 |  7.1
Dodging        | 1 2 3 4 5 6 |  6.1
Stealth        | 1 2 3 4 5 |  5.0
Fighting       | 4 5 6 |  6.7
Armour         | 4 5 6 |  6.6
Evocations     | 1 2 3 4 |  4.3
Hexes          | 1 2 3 |  3.5
Spellcasting   | 1 2 3 |  3.5
Shields        | |  3.3

Action                   |  1- 3 |  4- 6 |  7- 9 | 10-12 || total
-------------------------+-------+-------+-------+-------++-------
Melee: Rapier            |   116 |   173 |   628 |   383 ||  1300
 Abil: Evoke Berserk Rag |       |     1 |     2 |     3 ||     6
       Evoke Flight      |       |     1 |     1 |       ||     2
Evoke: Wand              |       |       |     3 |       ||     3
  Use: Potion            |       |     1 |     5 |     4 ||    10
       Scroll            |       |       |     7 |     3 ||    10
 Stab: Invisible         |       |       |     2 |       ||     2
  Eat: Chunk             |     2 |     6 |    17 |     6 ||    31
       Ration            |       |       |     2 |     1 ||     3
Armor: Scale mail        |    60 |    71 |   366 |       ||   497
       Skin              |       |       |     1 |       ||     1
       Crystal plate arm |       |       |    94 |   388 ||   482
       Ring mail         |       |       |       |    13 ||    13
Dodge: Dodged            |    55 |   113 |   431 |   125 ||   724
